 Dungeon Crawl Stone Soup version 0.24-a0-582-g4d4af813a0 (webtiles) character file.

Game seed: 1257714907532962275

4785 GameOver the Magician (level 10, -2/95 HPs)
             Began as a Naga Wizard on Aug 26, 2019.
             Was an Elder of Okawaru.
             Slain by an orc
             ... wielding a +0 spear
              (4 damage)
             ... in a bailey.
             The game lasted 00:48:25 (5884 turns).

GameOver the Magician (Naga Wizard)                 Turns: 5884, Time: 00:48:26

Health: -2/95      AC:  6    Str: 10    XL:     10   Next: 47%
Magic:  0/19       EV: 10    Int: 27    God:    Okawaru [****..]
Gold:   400        SH:  0    Dex: 12    Spells: 8/21 levels left

rFire    . . .     SeeInvis +   w - +10 morningstar "Eos" {elec, Halo rElec}
rCold    . . .     Gourm    .   (no shield)
rNeg     . . .     Faith    .   a - +0 robe
rPois    +         Spirit   +   b - +0 hat
rElec    +         Reflect  .   m - +0 cloak
rCorr    .         Harm     .   g - +0 pair of gloves
MR       ++...                  (no barding)
Stlth    ++........             y - amulet of the Rabble {Spirit *Drain Int+6 SInv}
HPRegen  0.25/turn              E - ring of protection from magic
MPRegen  0.16/turn              (no ring)

@: flying, glowing, very slow
A: large, thin skeletal structure 1, see invisible, deformed body, poison
resistance, robust 1, slowness 2, slow metabolism 1, spit poison 1, wild magic
1, no potion heal 1, AC +3
a: Spit Poison, Heroism, Renounce Religion


You were in a bailey.
You worshipped Okawaru.
Okawaru was greatly pleased with you.
You were not hungry.

You visited 2 branches of the dungeon, and saw 9 of its levels.
You also visited: Ossuary and Bailey.

You collected 400 gold pieces.

Inventory:

Hand Weapons
 q - a +0 shortbow
 s - a +0 trident
 w - the +10 morningstar "Eos" (weapon) {elec, Halo rElec}
   (You found it on level 6 of the Dungeon)

   Occasionally, upon striking a foe, it will discharge some electrical energy
   and cause terrible harm.
   It insulates you from electricity.
 J - a +3 quarterstaff of chaos
 K - a +0 lajatang
 W - a +0 club
Missiles
 u - 33 bolts
 v - 47 sling bullets
 M - 4 silver javelins (quivered)
Armour
 a - a +0 robe (worn)
 b - a +0 hat (worn)
 g - a +0 pair of gloves (worn)
 m - a +0 cloak (worn)
Magical Staves
 z - an uncursed staff of wizardry
Jewellery
 y - the amulet of the Rabble (around neck) {Spirit *Drain Int+6 SInv}
   (You found it on level 4 of the Dungeon)

   [amulet of guardian spirit]

   It causes incoming damage to be split between your health and magic.
   It affects your intelligence (+6).
   It lets you see invisible.
   It causes draining when unequipped.
 E - a ring of protection from magic (left hand)
 F - a +3 ring of protection {unknown}
 N - a cursed amulet of regeneration {unknown}
Wands
 n - a wand of polymorph (1)
 B - a wand of paralysis (4)
 P - a wand of clouds (8)
Scrolls
 f - a scroll of enchant armour
 j - 3 scrolls of remove curse
 o - a scroll of fear
 r - a scroll of fog
 t - a scroll of enchant weapon
 A - a scroll of immolation {unknown}
 G - 2 scrolls of amnesia {unknown}
 I - 2 scrolls of teleportation {unknown}
 Q - a scroll of torment {unknown}
Potions
 c - 2 potions of flight
 e - a potion of resistance {unknown}
 h - a potion of ambrosia
 i - 3 potions of mutation
 k - a potion of cancellation {unknown}
 l - 2 potions of curing
 p - a potion of heal wounds {unknown}
 C - 3 potions of degeneration {unknown}
 D - a potion of lignification {unknown}
 H - 2 potions of magic {unknown}
 L - a potion of berserk rage {unknown}
 O - a potion of invisibility {unknown}
Comestibles
 d - 10 rations
 R - 5 chunks of flesh


   Skills:
 + Level 4.5 Fighting
 * Level 5.7(7.0) Maces & Flails
 - Level 6.0(7.1) Staves
 - Level 1.5 Dodging
 - Level 6.0 Stealth
 - Level 6.1 Spellcasting
 - Level 6.0 Conjurations
   Level 1.0 Summonings
 - Level 3.0 Translocations
 - Level 3.0 Fire Magic
 - Level 6.0 Poison Magic
 - Level 3.0 Invocations


You had 8 spell levels left.
You knew the following spells:

 Your Spells              Type           Power        Failure   Level  Hunger
a - Magic Dart            Conj           ####         1%          1    None
b - Blink                 Tloc           N/A          4%          2    None
d - Mephitic Cloud        Conj/Pois/Air  #####...     6%          3    None
f - Conjure Flame         Conj/Fire      #####...     5%          3    None
s - Force Lance           Conj/Tloc      #####...     14%         4    ###....

Your spell library contained the following spells:

 Spells                   Type           Power        Failure   Level  Hunger
 Searing Ray              Conj           ######       1%          2    None
 Dazzling Spray           Conj/Hex       ####..       9%          3    None
 Iskenderun's Mystic Bla  Conj           ######..     9%          4    ###....
 Call Imp                 Summ           ###.....     10%         2    None
 Slow                     Hex            ##......     14%         2    None
 Fulminant Prism          Conj/Hex       ####......   26%         4    ###....


Dungeon Overview and Level Annotations

Branches:
Dungeon (8/15)             Temple (1/1) D:4         Ossuary (visited)
 Bailey (1/1)
   Lair: D:8-11

Altars:
Ashenzari
Cheibriados
Dithmenos
Elyvilon
Fedhas
Gozag
Hepliaklqana
Kikubaaqudgha
Makhleb
Nemelex Xobeh
Okawaru
Ru
Sif Muna
Trog
Uskayaw
Wu Jian
Xom
Yredelemnul
Zin
The Shining One


Innate Abilities, Weirdness & Mutations

You cannot wear boots.
Your serpentine skin is tough. (AC +3)
You have supernaturally acute eyesight. (SInv)
Armour fits poorly on your strangely shaped body.
Your system is resistant to poisons. (rPois)
You cover ground very slowly.
You have a slow metabolism.
You can spit poison.
You have a somewhat thin skeletal structure. (Dex +2, Stealth)
You are robust. (+10% HP)
Your spells are a little harder to cast, but a little more powerful.
Potions are less effective at restoring your health.


Message History

The orc knight is engulfed in blazing flames.
You kill the orc knight!
Okawaru accepts your kill.
Training target 6.0 for Spellcasting reached!
Your Spellcasting skill increases to level 6!
The orc hits you but does no damage. The orc barely misses you.
Unknown command.
You hit the orc but do no damage. The orc warrior hits you!
* * * LOW HITPOINT WARNING * * *
The orc hits you with a +0 spear.
* * * LOW HITPOINT WARNING * * *
The orc completely misses you.
Unknown command.
Your system partially rejects the healing.
You feel better.
You feel less invigorated.
The orc no longer looks unusually strong.
The orc warrior hits you!!
* * * LOW HITPOINT WARNING * * *
The orc hits you with a +0 spear.
You die...

### #### ##∩##
######
...(##.).##.....##
≈≈≈..#...#..≈≈≈..#
≈≈.≈≈.......≈≈.≈≈.#
≈.∩)≈.......≈.∩.≈.(
≈≈.≈≈.......≈≈.≈≈o#
.≈≈≈..#)oo#.(≈≈≈..#
..(..##@o.##.....##
##### ##∩## ######
###


You could see an orc warrior (confused) and 2 orcs.

Vanquished Creatures
  2 orc knights (Bailey)
  Pikel (D:7)
  Menkaure (D:6)
  8 orc warriors
  An ice beast (D:5)
  2 sky beasts
  A centaur (D:5)
  4 ogres
  6 bullfrogs
  A scorpion (D:5)
  2 bullfrog zombies
  2 crimson imps (D:5)
  2 quasits
  6 hounds
  2 jellies
  A gnoll shaman (D:5)
  5 orc priests
  Crazy Yiuf (D:6)
  Jessica (D:3)
  Natasha (thrice) (D:2)
  2 iguanas (D:4)
  3 orc wizards
  9 worker ants
  A killer bee zombie (D:6)
  7 big kobold zombies (Ossuary)
  3 hound zombies
  3 hound skeletons
  A mummy (Ossuary)
  7 adders
  4 gnolls (D:5)
  An adder zombie (D:5)
  3 worms
  A dart slug (D:1)
  5 leopard geckos
  22 orcs
  3 bats (D:1)
  5 giant cockroaches
  5 gnoll zombies (Ossuary)
  12 goblins
  8 hobgoblins
  4 jackals (D:4)
  2 kobolds (D:1)
  A quokka (D:3)
  A ball python (D:1)
  A bat simulacrum (Ossuary)
  3 frilled lizards
  5 goblin simulacra (Ossuary)
  5 goblin zombies (Ossuary)
  6 hobgoblin zombies (Ossuary)
  4 kobold simulacra (Ossuary)
  3 kobold zombies (Ossuary)
  4 orc zombies (Ossuary)
  A quokka zombie (D:6)
  8 rats
  2 rat simulacra (Ossuary)
  3 spectral goblins (Ossuary)
  5 spectral kobolds (Ossuary)
  5 spectral rats (Ossuary)
220 creatures vanquished.

Vanquished Creatures (others)
  A black bear (D:7)
  A slave (D:7)
2 creatures vanquished.

Grand Total: 222 creatures vanquished

Notes
Turn   | Place    | Note
-------+----------+-------------------------------------------
     0 | D:1      | GameOver the Naga Wizard began the quest for the Orb.
     0 | D:1      | Reached XP level 1. HP: 15/15 MP: 4/4
    77 | D:1      | Reached XP level 2. HP: 22/22 MP: 3/6
   380 | D:1      | Reached XP level 3. HP: 13/28 MP: 4/7
   386 | D:1      | Learned a level 2 spell: Blink
   390 | D:1      | Learned a level 3 spell: Mephitic Cloud
   703 | D:2      | Noticed Natasha
   708 | D:2      | Killed Natasha
   708 | D:2      | Reached XP level 4. HP: 36/36 MP: 5/8
   736 | D:2      | Found a bloodstained altar of Trog.
   805 | D:2      | Reached XP level 5. HP: 31/42 MP: 1/9
   851 | D:2      | Noticed Natasha
   859 | D:2      | Killed Natasha
   859 | D:2      | Reached skill level 5 in Conjurations
   892 | D:2      | Noticed Natasha
   899 | D:2      | Killed Natasha
  1025 | D:2      | Found an opulent altar of Gozag.
  1398 | D:3      | Noticed Jessica
  1411 | D:3      | Killed Jessica
  1411 | D:3      | Reached XP level 6. HP: 27/49 MP: 7/10
  2042 | D:4      | Got a brightly glowing golden amulet
  2043 | D:4      | Identified the amulet of the Rabble {Spirit *Drain Int+6
                  | SInv} (You found it on level 4 of the Dungeon)
  2214 | D:4      | Noticed an orc warrior
  2226 | D:4      | Reached skill level 1 in Staves
  2240 | D:4      | Found a shattered altar of Ashenzari.
  2278 | D:4      | Found a staircase to the Ecumenical Temple.
  2313 | Temple   | Entered the Ecumenical Temple
  2672 | D:4      | Reached XP level 7. HP: 46/55 MP: 6/11
  2683 | D:4      | Paralysed by an orc warrior for 7 turns
  2685 | D:4      | Reached skill level 1 in Poison Magic
  2927 | D:5      | Entered Level 5 of the Dungeon
  2984 | D:5      | Found a faded altar of an unknown god.
  2984 | D:5      | Found a faded altar of an unknown god.
  2989 | D:5      | Found a shimmering blue altar of Sif Muna.
  2991 | D:5      | Found a shimmering altar of Xom.
  2993 | D:5      | Found an iron altar of Okawaru.
  2996 | D:5      | Became a worshipper of Warmaster Okawaru
  3133 | D:5      | Reached XP level 8. HP: 42/62 MP: 3/13
  3176 | D:5      | Gained mutation: Your spells are a little harder to cast,
                  | but a little more powerful. [potion of mutation]
  3176 | D:5      | Gained mutation: You are robust. (+10% HP) [potion of
                  | mutation]
  3176 | D:5      | Gained mutation: Potions are less effective at restoring
                  | your health. [potion of mutation]
  3176 | D:5      | Gained mutation: You have a somewhat thin skeletal
                  | structure. (Dex +2, Stealth) [potion of mutation]
  3302 | D:5      | Learned a level 3 spell: Conjure Flame
  3330 | D:5      | Reached * piety under Okawaru
  3505 | D:5      | Reached skill level 5 in Stealth
  3550 | D:5      | Reached skill level 5 in Staves
  3868 | D:6      | Reached skill level 5 in Poison Magic
  4026 | D:6      | Reached ** piety under Okawaru
  4039 | D:6      | Noticed Menkaure
  4138 | D:6      | Reached XP level 9. HP: 65/74 MP: 6/15
  4252 | D:6      | Reached skill level 1 in Fighting
  4258 | D:6      | Reached skill level 1 in Fire Magic
  4317 | D:6      | Found a hazy altar of Hepliaklqana.
  4341 | D:6      | Killed Menkaure
  4346 | D:6      | Found a blossoming altar of Fedhas.
  4556 | D:6      | Found a runed translucent door.
  4558 | D:6      | Noticed Crazy Yiuf
  4559 | D:6      | Found the +10 morningstar "Eos" {elec, Halo rElec}
  4566 | D:6      | Killed Crazy Yiuf
  4694 | D:7      | Learned a level 4 spell: Force Lance
  4826 | D:7      | Reached skill level 1 in Invocations
  4844 | D:7      | Noticed Pikel
  4855 | D:7      | Killed Pikel
  4855 | D:7      | Reached *** piety under Okawaru
  4865 | D:7      | Received a gift from Okawaru
  4865 | D:7      | Reached skill level 5 in Spellcasting
  4872 | D:7      | Found a sand-covered staircase.
  4883 | Ossuary  | Entered an ossuary
  5465 | D:7      | Found a shattered altar of Ashenzari.
  5524 | D:7      | Found a shadowy altar of Dithmenos.
  5525 | D:7      | Found a glowing silver altar of Zin.
  5678 | D:7      | Found a hide-covered altar of Uskayaw.
  5770 | D:8      | Reached XP level 10. HP: 92/92 MP: 18/18
  5805 | D:8      | Found a flagged portal.
  5827 | Bailey   | Entered a bailey
  5827 | Bailey   | Noticed an orc knight
  5848 | Bailey   | Killed an orc knight
  5848 | Bailey   | Reached **** piety under Okawaru
  5849 | Bailey   | Reached skill level 5 in Maces & Flails
  5870 | Bailey   | Noticed an orc knight
  5882 | Bailey   | Killed an orc knight
  5884 | Bailey   | HP: 2/95 [orc warrior (17)]
  5884 | Bailey   | Slain by an orc

Levels and vault maps discovered:
D:1:      sevenhm_arrival_forest_fort_small_3, layout_basic, minmay_domino_4
D:2:      layout_rooms, marbit_many_paths, lemuel_crystal_altar, uniq_natasha
D:3:      layout_basic, first_ration, uniq_jessica
D:4:      layout_basic, temple_green, hangedman_decor_peaks_small,
          minmay_misc_feat_roman, evilmike_ruin_ashenzari
D:5:      layout_basic, chequers_temple_overflow_minitemple
D:6:      layout_rooms, kennysheep_mini, zaba_anthole, fedhas_altar_1,
          uniq_menkaure, uniq_crazy_yiuf_cottage
D:7:      layout_cave_pools, gammafunk_temple_overflow_statue,
          lemuel_round_altar, lemuel_coloured_pillars_altar,
          lightli_ossuary_entry_decrepit_ruins, minmay_crystal_water, uniq_pikel
D:8:      layout_loops_ring, grunt_temple_overflow_forces_of_nature,
          enter_bailey_3, nicolae_tso_carved_into_rock, uniq_harold
Temple:   chequers_temple_sunken
Bailey:   bailey_polearm_4, bailey

Skill      XL: |  1  2  3  4  5  6  7  8  9 10 |
---------------+-------------------------------+-----
Conjurations   | 2 3 4 5 6 |  6.0
Staves         | 3 4 5 6 |  6.0
Poison Magic   | 3 5 6 |  6.0
Stealth        | 4 5 6 |  6.0
Translocations | 2 3 |  3.0
Spellcasting   | 4 5 6 |  6.1
Fighting       | 3 4 |  4.5
Fire Magic     | 3 |  3.0
Invocations    | 3 |  3.0
Maces & Flails | 3 5 |  5.7
Dodging        | |  1.5
Summonings     | |  1.0

Action                   |  1- 3 |  4- 6 |  7- 9 | 10-12 || total
-------------------------+-------+-------+-------+-------++-------
Melee: Club              |     5 |       |       |       ||     5
       Whip              |     5 |       |       |       ||     5
       Short sword       |       |     4 |       |       ||     4
       Unarmed           |       |     4 |       |       ||     4
       Lajatang          |       |    42 |   116 |       ||   158
       Trident           |       |       |    25 |       ||    25
       Morningstar       |       |       |    79 |    10 ||    89
 Fire: Shortbow          |       |       |   113 |    11 ||   124
Throw: Javelin           |       |       |     6 |       ||     6
 Cast: Magic Dart        |    42 |    41 |    42 |       ||   125
       Mephitic Cloud    |       |     3 |    19 |     6 ||    28
       Conjure Flame     |       |       |    12 |     1 ||    13
       Blink             |       |       |     4 |       ||     4
 Abil: Spit Poison       |    28 |    39 |    59 |     8 ||   134
  Use: Scroll            |       |     1 |     6 |       ||     7
       Potion            |       |       |     2 |     3 ||     5
 Stab: Confused          |       |     1 |     6 |       ||     7
       Sleeping          |       |     1 |       |       ||     1
  Eat: Chunk             |     1 |     8 |    13 |     1 ||    23
Armor: Robe              |     5 |    25 |   100 |     3 ||   133
Dodge: Dodged            |    17 |    47 |   140 |    14 ||   218

Table legend:
 A = Non-vault XP
 B = Vault XP
 C = Vault XP percentage of total XP
 D = Non-vault monster count
 E = Vault monster count
 F = Vault count percentage of total count
                 A         B        C        D         E       F
            +---------+---------+-------+---------+---------+-------
      Total |    3372 |    3465 |  50.7 |     134 |      86 |  39.1
            +---------+---------+-------+---------+---------+-------
        D:1 |      43 |       5 |  10.4 |      24 |       3 |  11.1
        D:2 |     196 |      38 |  16.2 |      15 |       2 |  11.8
        D:3 |      19 |      37 |  66.1 |      10 |       1 |   9.1
        D:4 |     518 |       0 |   0.0 |      17 |       0 |   0.0
        D:5 |    1016 |       0 |   0.0 |      26 |       0 |   0.0
        D:6 |     757 |     400 |  34.6 |      27 |       8 |  22.9
        D:7 |     561 |     593 |  51.4 |      10 |       1 |   9.1
        D:8 |     262 |       7 |   2.6 |       5 |       4 |  44.4
    Ossuary |       0 |     249 | 100.0 |       0 |      56 | 100.0
     Bailey |       0 |    2136 | 100.0 |       0 |      11 | 100.0
            +---------+---------+-------+---------+---------+-------
